 Dungeon Crawl Stone Soup version 0.21-a0-538-gd16b88a (webtiles) character file.

10313 kae the Martial Artist (level 11, 0/94 HPs)
             Began as a Green Draconian Transmuter on Dec 15, 2017.
             Was a Follower of Vehumet.
             Succumbed to a black mamba's poison
             ... on level 2 of the Lair of Beasts.
             The game lasted 00:15:24 (11596 turns).

kae the Martial Artist (DrTm)                      Turns: 11596, Time: 00:15:24

Health: 0/94       AC:  2    Str: 13    XL:     11   Next: 34%
Magic:  20/21      EV: 27    Int: 14    God:    Vehumet [*.....]
Gold:   639        SH:  0    Dex: 21    Spells: 13/24 levels left

rFire    . . .     SeeInvis .     - Unarmed
rCold    . . .     Gourm    .   (shield currently unavailable)
rNeg     + . .     Faith    .   (armour unavailable)
rPois    x         Spirit   .   (helmet currently unavailable)
rElec    .         Reflect  .   (cloak currently unavailable)
rCorr    .         Harm     .   (gloves currently unavailable)
MR       .....                  (boots currently unavailable)
Stlth    ++........             p - amulet of regeneration
HPRegen  0.65/turn              t - ring of positive energy
MPRegen  0.17/turn              D - +2 ring of dexterity

@: lethally poisoned (0 -> -47), spider-form (expiring)
A: tiny, (breathe noxious fumes), unfitting armour, AC +7
a: End Transformation, Renounce Religion


You were on level 2 of the Lair of Beasts.
You worshipped Vehumet.
Vehumet was aware of your devotion.
You were not hungry.
You were a venomous arachnid creature.
You visited 3 branches of the dungeon, and saw 12 of its levels.

You collected 639 gold pieces.

Inventory:

Hand Weapons
 a - a +4 scimitar of flaming
 b - a +3 short sword of electrocution (melded)
Missiles
 x - 100 arrows
Armour
 F - a +0 cloak (melded)
 O - a +2 pair of boots (melded)
Jewellery
 g - an uncursed ring of resist corrosion
 p - an amulet of regeneration (around neck)
 t - a ring of positive energy (left front leg)
 B - an uncursed ring of flight
 D - a +2 ring of dexterity (right front leg)
Wands
 E - a wand of random effects (12)
 J - a wand of clouds (5)
Scrolls
 e - a scroll of fear
 m - 5 scrolls of teleportation
 o - 6 scrolls of remove curse
 q - 2 scrolls of enchant weapon
 r - 3 scrolls of enchant armour
 v - 2 scrolls of magic mapping
 C - 3 scrolls of identify
 G - a scroll of fog
 L - a scroll of immolation {unknown}
 N - a scroll of blinking
Potions
 d - a potion of invisibility
 h - 2 potions of brilliance
 j - 5 potions of flight
 k - 6 potions of curing
 l - 2 potions of lignification
 s - 2 potions of cancellation
 u - a potion of berserk rage
 w - a potion of haste
 A - a potion of mutation {unknown}
 H - a potion of might {unknown}
 K - a potion of agility {unknown}
 M - a potion of heal wounds
Books
 f - a book of Changes

   Spells                             Type                      Level
   a - Beastly Appendage              Transmutation                1
   b - Sticks to Snakes               Transmutation                2
   c - Spider Form                    Transmutation/Poison         3
   d - Ice Form                       Ice/Transmutation            4
   e - Blade Hands                    Transmutation                5
 y - a book of Maledictions

   Spells                             Type                      Level
   a - Corona                         Hexes                        1
   b - Ensorcelled Hibernation        Hexes/Ice                    2
   c - Confuse                        Hexes                        3
   d - Tukima's Dance                 Hexes                        3
   e - Dazzling Spray                 Conjuration/Hexes            3
 I - Kikubaaqudgha's Handbook of Sinister Arts
   (You found it on level 8 of the Dungeon)

   Spells                             Type                      Level
   a - Pain                           Necromancy                   1
Comestibles
 c - 13 bread rations
 i - 6 royal jellies
 n - 8 fruits
 z - 4 meat rations


   Skills:
 + Level 8.1 Fighting
 + Level 7.0 Dodging
 * Level 10.8 Unarmed Combat
 + Level 7.0 Spellcasting
 + Level 7.5 Transmutations


You had 13 spell levels left.
You knew the following spells:

 Your Spells              Type           Power        Failure   Level  Hunger
a - Beastly Appendage     Tmut           ####..       4%          1    None
b - Sticks to Snakes      Tmut           ####....     4%          2    #......
c - Spider Form           Tmut/Pois      ###.......   22%         3    ##.....
d - Blade Hands           Tmut           ####......   36%         5    ######.


Dungeon Overview and Level Annotations

Branches:
Dungeon (9/15)             Temple (1/1) D:7            Lair (2/6) D:9
  Swamp: Lair:2-4    Shoals: Lair:2-4     Snake: Lair:2-4    Spider: Lair:2-4
    Orc: D:9-12

Altars:
Ashenzari
Cheibriados
Dithmenos
Elyvilon
Fedhas
Gozag
Hepliaklqana
Kikubaaqudgha
Makhleb
Nemelex Xobeh
Okawaru
Qazlal
Ru
Sif Muna
Trog
Uskayaw
Vehumet
Wu Jian
Xom
Yredelemnul
Zin
The Shining One

Annotations:
D:4 kae's ghost, amateur GrEE


Innate Abilities, Weirdness & Mutations

((You can breathe blasts of noxious fumes.))
((Your lurid green scales are hard. (AC +7)))
You cannot fit into any form of body armour.
((Your system is resistant to poisons. (rPois)))
((You are cold-blooded and may be slowed by cold attacks.))


Message History

You hit the porcupine but do no damage.
The porcupine is poisoned.
Your transformation is almost over.
You feel very sick. The black mamba bites you!
* * * LOW HITPOINT WARNING * * *
The porcupine misses you.
You bite the black mamba!
You kill the black mamba!
Vehumet accepts your kill.
Your Dodging skill increases to level 7!
Your Spellcasting skill increases to level 7!
* * * LOW HITPOINT WARNING * * *
You feel very sick. The porcupine closely misses you.
You maul the porcupine!!
You kill the porcupine!
Vehumet accepts your kill.
* * * LOW HITPOINT WARNING * * *
You feel very sick.
You die...

..PP..................
......................
.......................
.......................
.......................
.......................
##+.........##........
.P##....###....##..# ..
#....##s....#
+....PP......#
#...........#...
#.....P....(.#..
.....##...##.#..# #....
#.... ## .# .... ......
.... .......


There were no monsters in sight!

Vanquished Creatures
  Erica (Lair:1)
  A black mamba (Lair:2)
  2 spiny frogs
  2 komodo dragons (Lair:2)
  A troll (D:8)
  4 blink frogs (Lair:1)
  A hippogriff (Lair:1)
  A hornet (D:8)
  Grinder (D:3)
  Sigmund (D:2)
  5 yaks
  Menkaure (D:4)
  Edmund (D:5)
  2 water moccasins
  Duvessa (D:5)
  3 porcupines
  3 orc warriors
  2 ice beasts
  2 necrophages
  A sky beast (D:6)
  3 phantoms
  4 ogres
  9 wolves
  4 centaurs
  2 crocodiles
  A big kobold (D:8)
  8 bullfrogs
  A wyvern zombie (D:9)
  Dowan (D:5)
  A scorpion (D:4)
  5 howler monkeys
  4 killer bees (D:7)
  7 wights
  A crimson imp (D:6)
  A bullfrog zombie (D:7)
  5 orc priests
  2 hounds
  2 jellies
  A centaur skeleton (D:4)
  12 orc wizards
  5 worker ants
  2 iguanas
  4 hound skeletons
  2 worker ant zombies
  A howler monkey skeleton (D:6)
  9 adders
  2 shadow imps
  3 oozes
  An adder zombie (D:5)
  2 worms
  A dart slug (D:1)
  5 leopard geckos
  30 orcs
  7 bats
  A giant cockroach (D:4)
  3 goblins (D:2)
  9 hobgoblins
  4 jackals
  2 quokkas
  2 frilled lizards
  A jackal skeleton (D:8)
  10 kobolds
  10 rats
226 creatures vanquished.

Vanquished Creatures (collateral kills)
  An ogre (D:2)
  A kobold (D:3)
2 creatures vanquished.

Grand Total: 228 creatures vanquished

Notes
Turn   | Place    | Note
-------+----------+-------------------------------------------
     0 | D:1      | kae the Draconian Transmuter began the quest for the Orb.
     0 | D:1      | Reached XP level 1. HP: 16/16 MP: 3/3
   162 | D:1      | Reached XP level 2. HP: 23/23 MP: 5/5
   254 | D:1      | Learned a level 2 spell: Sticks to Snakes
   550 | D:1      | Reached XP level 3. HP: 29/29 MP: 6/6
   806 | D:2      | Noticed an ogre
  1074 | D:2      | Noticed Sigmund
  1090 | D:2      | Killed Sigmund
  1090 | D:2      | Reached skill level 4 in Unarmed Combat
  1090 | D:2      | Reached XP level 4. HP: 30/37 MP: 3/8
  1090 | D:2      | Reached XP level 5. HP: 34/42 MP: 3/9
  1194 | D:2      | Killed an ogre
  1194 | D:2      | Reached XP level 6. HP: 50/50 MP: 4/10
  1348 | D:2      | Found a shattered altar of Ashenzari.
  1348 | D:2      | Found a hazy altar of Hepliaklqana.
  1769 | D:3      | Found a hide-covered altar of Uskayaw.
  1860 | D:3      | Noticed Grinder
  1868 | D:3      | Killed Grinder
  1868 | D:3      | Reached skill level 5 in Unarmed Combat
  2347 | D:4      | Learned a level 3 spell: Spider Form
  2371 | D:4      | Your scales start taking on a lurid green colour.
  2371 | D:4      | Reached XP level 7. HP: 14/57 MP: 9/12
  2371 | D:4      | Gained mutation: Your system is resistant to poisons. (rPois) [Green Draconian growth]
  2643 | D:4      | Noticed kae's ghost (amateur GrEE)
  2727 | D:4      | Noticed Menkaure
  3581 | D:4      | Killed Menkaure
  3581 | D:4      | Reached skill level 6 in Unarmed Combat
  3709 | D:4      | Found an ancient bone altar of Kikubaaqudgha.
  3709 | D:4      | Noticed a human
  4151 | D:5      | Entered Level 5 of the Dungeon
  4227 | D:5      | Found a sacrificial altar of Ru.
  4260 | D:5      | Noticed Edmund
  4285 | D:5      | Killed Edmund
  4285 | D:5      | Reached XP level 8. HP: 66/66 MP: 11/13
  4324 | D:5      | Noticed Dowan
  4338 | D:5      | Killed Dowan
  4420 | D:5      | Noticed Duvessa
  4434 | D:5      | Killed Duvessa
  5230 | D:6      | Reached skill level 7 in Unarmed Combat
  5359 | D:6      | Reached skill level 5 in Fighting
  5362 | D:6      | Reached skill level 5 in Transmutations
  5482 | D:6      | Reached XP level 9. HP: 74/74 MP: 14/16
  5792 | D:6      | Reached skill level 5 in Spellcasting
  5882 | D:6      | Reached skill level 5 in Dodging
  5882 | D:6      | Reached skill level 8 in Unarmed Combat
  6190 | D:7      | Found a staircase to the Ecumenical Temple.
  6242 | Temple   | Entered the Ecumenical Temple
  6955 | D:7      | Found an ornate altar of the Wu Jian Council.
  7915 | D:8      | Learned a level 5 spell: Blade Hands
  7946 | D:8      | Found a burning altar of Makhleb.
  8052 | D:8      | Found a hazy altar of Hepliaklqana.
  8205 | D:8      | Noticed a troll
  8209 | D:8      | Killed a troll
  8209 | D:8      | Reached skill level 9 in Unarmed Combat
  8209 | D:8      | Reached XP level 10. HP: 80/84 MP: 18/18
  8790 | D:8      | Found an ancient bone altar of Kikubaaqudgha.
  8794 | D:8      | Found a deep blue altar of Sif Muna.
  8795 | D:8      | Found a radiant altar of Vehumet.
  8797 | D:8      | Identified Kikubaaqudgha's Handbook of Sinister Arts
  8930 | D:8      | Became a worshipper of Vehumet
  9261 | D:9      | Found a staircase to the Lair.
  9406 | D:9      | Found a sacrificial altar of Ru.
  9422 | D:9      | Found a glowing golden altar of the Shining One.
  9422 | D:9      | Found a snail-covered altar of Cheibriados.
  9422 | D:9      | Found a white marble altar of Elyvilon.
  9807 | Lair:1   | Entered Level 1 of the Lair of Beasts
  9807 | Lair:1   | Noticed a spiny frog
  9824 | Lair:1   | Killed a spiny frog
  9905 | Lair:1   | Noticed Erica
 10165 | Lair:1   | Killed Erica
 10165 | Lair:1   | Reached skill level 10 in Unarmed Combat
 10674 | Lair:1   | Reached XP level 11. HP: 56/92 MP: 17/20
 10866 | Lair:2   | Reached * piety under Vehumet
 10866 | Lair:2   | Offered knowledge of Magic Dart by Vehumet.
 11326 | Lair:2   | HP: 3/94 [wolf (8)]
 11595 | Lair:2   | HP: 4/94 [poisoned by a black mamba]
 11596 | Lair:2   | Succumbed to a black mamba's poison

Vault maps used:
D:1:      scummos_arrival_gate, minmay_misc_feat_encased
D:2:      gammafunk_temple_overflow_elements, minmay_misc_feat_square,
          uniq_sigmund
D:3:      eat_drink_and_be_merry_uskayaw, kennysheep_generic_room_12,
          uniq_grinder
D:4:      tgw_kikubaaqudgha, uniq_menkaure
D:5:      first_bread, hangedman_ru_absence, uniq_duvessa, uniq_edmund
D:6:      grunt_ministairs_2
D:7:      lemuel_crystal_altar, temple_pool_b, roderic_roman_lattice,
          grunt_ogre_cave
D:8:      grunt_temple_overflow_magic_moments, makhleb_blood_cavern_becter,
          basic_altar
D:9:      grunt_temple_overflow_open, lair_entry_dummy
Temple:   jpeg_temple_alley_garden
Lair:1:   infiniplex_staircase_pool_2, uniq_erica

Skill      XL: |  1  2  3  4  5  6  7  8  9 10 11 |
---------------+----------------------------------+-----
Dodging        | 2 3 4 5 6 7 |  7.0
Fighting       | 2 3 4 5 6 7 8 |  8.1
Unarmed Combat | 4 5 6 7 9 10 | 10.8
Transmutations | 3 4 5 6 7 |  7.5
Spellcasting   | 3 4 5 6 7 |  7.0

Action                   |  1- 3 |  4- 6 |  7- 9 | 10-12 || total
-------------------------+-------+-------+-------+-------++-------
Melee: Unarmed           |     8 |       |    65 |    82 ||   155
       Short sword       |    67 |    79 |   338 |   214 ||   698
       Tailslap          |     6 |     5 |    42 |    30 ||    83
       Kick              |       |     1 |    32 |     9 ||    42
       Punch             |       |     1 |     5 |    12 ||    18
       Headbutt          |       |       |     7 |     4 ||    11
 Cast: Beastly Appendage |     1 |     1 |    27 |    10 ||    39
       Sticks to Snakes  |     4 |     5 |     5 |     2 ||    16
       Spider Form       |       |       |     7 |     6 ||    13
 Abil: Breathe Noxious F |       |       |     7 |     8 ||    15
  Use: Scroll            |     2 |     8 |     8 |     6 ||    24
       Potion            |       |       |     1 |     1 ||     2
 Stab: Sleeping          |       |     2 |       |       ||     2
       Confused          |       |       |     2 |     6 ||     8
  Eat: Chunk             |     1 |     4 |    19 |    12 ||    36
       Fruit             |       |       |     2 |     2 ||     4
Armor: Skin              |    24 |    17 |    79 |    46 ||   166
Dodge: Dodged            |    47 |    49 |   323 |   295 ||   714

Table legend:
 A = Spawn XP
 B = Non-spawn XP
 C = Spawn XP percentage of total XP
 D = Spawn monster count
 E = Non-spawn monster count
 F = Spawn count percentage of total count
 G = Total turns spent on level
                    A         B        C        D         E        F      G
               +---------+---------+-------+---------+---------+-------+---------
         Total |       0 |   14734 |   0.0 |       0 |     228 |   0.0 | 11596
               +---------+---------+-------+---------+---------+-------+---------
           D:1 |       0 |      45 |   0.0 |       0 |      22 |   0.0 |   827
           D:2 |       0 |     349 |   0.0 |       0 |      18 |   0.0 |   721
           D:3 |       0 |     466 |   0.0 |       0 |      22 |   0.0 |  1649
           D:4 |       0 |     498 |   0.0 |       0 |      14 |   0.0 |   954
           D:5 |       0 |     704 |   0.0 |       0 |      16 |   0.0 |  1068
           D:6 |       0 |    1749 |   0.0 |       0 |      30 |   0.0 |   967
           D:7 |       0 |    1297 |   0.0 |       0 |      34 |   0.0 |  1500
           D:8 |       0 |    1343 |   0.0 |       0 |      20 |   0.0 |  1070
           D:9 |       0 |     981 |   0.0 |       0 |      19 |   0.0 |   832
        Lair:1 |       0 |    4200 |   0.0 |       0 |      17 |   0.0 |   952
        Lair:2 |       0 |    3102 |   0.0 |       0 |      16 |   0.0 |   837
               +---------+---------+-------+---------+---------+-------+---------
